 Dungeon Crawl Stone Soup version 0.19-a0-700-gd2fa977 (webtiles) character file.

39 Laan the Magician (level 3, 0/19 HPs)
             Began as a Gargoyle Wizard on June 19, 2016.
             Slain by Terence
             ... wielding a +0 flail
              (5 damage)
             ... on level 2 of the Dungeon.
             The game lasted 00:02:15 (1763 turns).

Laan the Magician (Gargoyle Wizard)                 Turns: 1763, Time: 00:02:15

Health: 0/19       AC:  5    Str: 10    XL:     3   Next: 45%
Magic:  1/7        EV: 12    Int: 19    God:
Gold:   29         SH:  0    Dex:  8    Spells: 1 memorised, 7 levels left

rFire  . . .     SeeInvis .     g - -1 short sword (curse)
rCold  . . .     Gourm    .     e - +0 robe (curse)
rNeg   + . .     Faith    .     (no shield)
rPois  ∞         Spirit   .     b - +0 hat
rElec  +         Dismiss  .     (no cloak)
rCorr  .         Reflect  .     (no gloves)
SustAt .         Harm     .     (no boots)
MR     .....                    (no amulet)
Stlth  ++........               (no ring)
                                (no ring)

@: very slightly contaminated, not resistant to hostile enchantments, unstealthy
A: negative energy resistance 1, electricity resistance, unbreathing,
petrification resistance, rot immunity, AC +3
a: no special abilities


You were on level 2 of the Dungeon.
You were not hungry.

You visited 1 branch of the dungeon, and saw 2 of its levels.

You collected 29 gold pieces.

Inventory:

Hand Weapons
 g - a cursed -1 short sword (weapon)
Armour
 b - a +0 hat (worn)
 e - a cursed +0 robe (worn)
Scrolls
 f - a scroll of amnesia {unknown}
 i - 2 scrolls of remove curse {unknown}
 l - a scroll of identify {unknown}
 m - a scroll of enchant armour {unknown}
Potions
 h - 2 potions of lignification {unknown}
 j - a potion of invisibility {unknown}
 o - 2 potions of heal wounds {unknown}
Books
 c - a book of Minor Magic

   Spells                             Type                      Level
   a - Magic Dart                     Conjuration                  1
   b - Blink                          Translocation                2
   c - Call Imp                       Summoning                    2
   d - Repel Missiles                 Charms/Air                   2
   e - Slow                           Hexes                        2
   f - Conjure Flame                  Conjuration/Fire             3
   g - Mephitic Cloud                 Conjuration/Poison/Air       3
Comestibles
 a - 2 meat rations
 d - a bread ration
 k - a royal jelly


   Skills:
 - Level 1.5 Dodging
 - Level 2.1 Stealth
 + Level 3.2 Spellcasting
 * Level 3.1 Conjurations
   Level 0.8 Summonings
   Level 0.8 Translocations


You had 7 spell levels left.
You knew the following spells:

 Your Spells              Type           Power        Failure   Level  Hunger
a - Magic Dart            Conj           ###.         6%          1    None


Dungeon Overview and Level Annotations

Branches:
Dungeon (2/15)

Altars:

Annotations:
D:2 Terence


Innate Abilities, Weirdness & Mutations

You are resistant to torment.
Your stone body is resilient. (AC +3)
You are immune to poison.
You resist negative energy. (rN+)
You are resistant to electric shocks. (rElec)
You can survive without breathing.
You are immune to petrification.
You are immune to rotting.


Message History

You hit Terence but do no damage.
Terence is heavily wounded.
Terence hits you with a flail.
You hit Terence but do no damage.
Terence is heavily wounded.
Terence barely misses you.
You hit Terence.
Terence is severely wounded.
Terence barely misses you.
You hit Terence.
Terence is severely wounded.
Terence barely misses you.
You closely miss Terence.
Terence is severely wounded.
Terence hits you with a flail.
* * * LOW HITPOINT WARNING * * *
You closely miss Terence.
Terence is severely wounded.
Terence hits you with a flail.
You die...

#######
.....######
........# # #
#.####.####
....#.#.........#
.†.....<.###.##.#
......##.# #.##.#
##### #.# #.##@#
#.# #..#@# #.#
##.#.# #>####.#.#
#........#
######.### #@ #.
..


You could see Terence.

Vanquished Creatures
  2 dart slugs (D:1)
  6 bats
  4 goblins (D:1)
  5 hobgoblins (D:1)
  7 jackals (D:1)
  2 kobolds (D:1)
  A giant newt (D:1)
  5 rats (D:1)
32 creatures vanquished.

Notes
Turn   | Place    | Note
--------------------------------------------------------------
     0 | D:1      | Laan the Gargoyle Wizard began the quest for the Orb.
     0 | D:1      | Reached XP level 1. HP: 10/10 MP: 4/4
   354 | D:1      | Reached XP level 2. HP: 15/15 MP: 3/6
   881 | D:1      | Reached XP level 3. HP: 19/19 MP: 1/7
  1737 | D:2      | Noticed Terence
  1763 | D:2      | Slain by Terence

Vault maps used:
D:1:      sevenhm_arrival_forest_fort_large_2, bh_walls_and_bars
D:2:      minitemple, gammafunk_temple_overflow_wave, first_bread,
          minmay_curled_crystal, hex_tiny, uniq_terence

Skill      XL: |  1  2  3 |
---------------+----------+-----
Conjurations   | 2 3 |  3.1
Dodging        | |  1.5
Stealth        | |  2.1
Spellcasting   | |  3.2
Summonings     | |  0.8
Translocations | |  0.8

Action                   || total
-------------------------++-------
Melee: Unarmed           ||     3
       Short sword       ||    28
 Cast: Magic Dart        ||    78
  Eat: Chunk             ||     2
Armor: Robe              ||     9
Dodge: Dodged            ||    26
